AoeStats
← Licrovan

Black Forest

510160163Analyzed
3v3 RM · 3d ago on Sep 29, 2026· 59m 1s· 6 players
Game mode
Random Map
Map size
Normal (6 player)
Population
200
Speed
Normal
Resources
Standard
Victory
Conquest
Starting age
Dark Age
Ending age
Imperial Age
RankedLock teamsTeams togetherTeam positionsShared explorationLock speedFull tech treeHidden civsTurbo modeCheats
Victory
Defeat
🇨🇦 Poles · Canada
751
+18
🇺🇸 Portuguese · United States
729
+19
🇫🇷 Saracens · France
724
+20
🇳🇱 Byzantines · Netherlands
980
-25
🇳🇱 Portuguese · Netherlands
715
-27
🇳🇱 Vietnamese · Netherlands
715
-27
thomasvienneau360
13:03 Feudal Age
16:15 Double-Bit Axe
18:53 Wheelbarrow
18:03 Loom
18:35 Man-at-Arms
23:18 Castle Age
22:49 Bloodlines
24:17 Hand Cart
28:39 Ballistics
28:27 Scale Mail Armor
31:03 Gold Mining
31:05 Stone Mining
35:38 Bow Saw
35:37 Scale Barding Armor
37:59 Forging
38:04 Chain Mail Armor
37:40 Fletching
37:51 Padded Archer Armor
40:41 Elite Skirmisher
41:28 Thumb Ring
43:05 Pikeman
43:09 Crossbowman
43:52 Husbandry
43:13 Light Cavalry
44:29 Chain Barding Armor
44:05 Bodkin Arrow
44:26 Leather Archer Armor
51:01 Imperial Age
49:10 Iron Casting
51:05 Cavalier
52:18 Capped Ram
54:19 Chemistry
slipoker
0:29 Loom
14:12 Feudal Age
15:11 Double-Bit Axe
15:39 Horse Collar
19:05 Castle Age
21:10 Fervor
23:24 Treadmill Crane
26:30 Imperial Age
25:42 Bow Saw
26:26 Stone Mining
26:51 Gold Mining
28:55 Stone Shaft Mining
31:41 Wheelbarrow
33:37 Chemistry
34:03 Guilds
35:05 Fletching
36:05 Arquebus
36:11 Bodkin Arrow
36:15 Murder Holes
36:48 Bombard Tower
40:01 Bracer
40:15 Fortified Wall
40:15 Masonry
40:11 Siege Engineers
42:26 Two-Man Saw
41:42 Hand Cart
41:14 Town Watch
43:56 Coinage
44:05 Circumnavigation
43:35 Sappers
44:27 Conscription
45:39 Devotion
45:36 Herbal Medicine
46:15 Architecture
46:06 Ballistics
46:31 Banking
48:14 Town Patrol
48:10 Heated Shot
53:33 Faith
55:59 Pikeman
55:59 Man-at-Arms
56:25 Gambesons
56:25 Arson
56:44 Scale Mail Armor
56:55 Forging
57:58 Chain Mail Armor
57:48 Scale Barding Armor
57:22 Light Cavalry
58:13 Bloodlines
58:03 Husbandry
57:51 Halberdier
57:55 Long Swordsman
fournier.emmy
0:46 Loom
10:37 Feudal Age
11:04 Double-Bit Axe
25:33 Castle Age
23:26 Horse Collar
25:50 Stone Mining
25:53 Gold Mining
30:52 Caravan
39:45 Ballistics
41:17 Town Watch
41:46 Bow Saw
42:36 Murder Holes
44:27 Wheelbarrow
45:14 Scale Barding Armor
50:10 Imperial Age
49:35 Hand Cart
49:42 Hand Cart
50:20 Forging
51:09 Town Patrol
53:51 Chemistry
54:09 Heavy Plow
55:13 Two-Man Saw
54:38 Husbandry
54:00 Heavy Camel Rider
55:13 Masonry
58:13 Siege Engineers
60:08 Coinage
Licrovan
9:11 Loom
12:13 Feudal Age
13:30 Horse Collar
13:40 Double-Bit Axe
21:01 Castle Age
21:43 Wheelbarrow
24:42 Elite Skirmisher
25:42 Bow Saw
30:47 Light Cavalry
31:38 Bloodlines
33:04 Ballistics
33:54 Scale Barding Armor
33:49 Scale Mail Armor
33:50 Padded Archer Armor
33:41 Fletching
34:01 Forging
34:13 Crossbowman
34:59 Thumb Ring
35:47 Gold Mining
45:39 Imperial Age
52:03 Chemistry
ZeChaos
1:05 Loom
11:10 Feudal Age
15:54 Double-Bit Axe
18:37 Wheelbarrow
24:48 Castle Age
24:54 Fletching
25:04 Padded Archer Armor
25:35 Crossbowman
25:37 Elite Skirmisher
26:14 Bodkin Arrow
27:30 Leather Archer Armor
27:43 Bow Saw
29:50 Ballistics
29:22 Horse Collar
37:50 Hand Cart
38:16 Scale Barding Armor
43:23 Imperial Age
43:04 Gold Mining
43:20 Heavy Plow
43:55 Imperial Skirmisher
47:11 Chemistry
46:25 Bracer
46:56 Ring Archer Armor
Ancrypto
11:45 Feudal Age
18:57 Castle Age
21:41 Fletching
21:57 Scale Barding Armor
21:55 Padded Archer Armor
22:59 Bloodlines
22:50 Husbandry
24:43 Elite Skirmisher
40:36 Imperial Age
43:36 Chain Barding Armor
44:50 Chemistry
Connection lost

Rejoining the realm…

Still unreachable

The connection could not be restored.

Session expired

The server has moved on; the page needs a fresh start.